 Dungeon Crawl Stone Soup version 0.30-a0-728-gc68057be0a (webtiles) character file.

Game seed: 13470935638153334282

50 drewk1942 the Charlatan (level 3, 0/31 HPs)
             Began as a Gnoll Wanderer on Jan 31, 2023.
             Slain by Ijyb
             ... wielding a +0 dagger
              (2 damage)
             ... on level 3 of the Dungeon.
             The game lasted 00:02:21 (1379 turns).

drewk1942 the Charlatan (Gnoll Wanderer)            Turns: 1379, Time: 00:02:22

Health: 0/31       AC:  5    Str:  7    XL:     3   Next: 79%
Magic:  4/4        EV: 13    Int: 10    God:
Gold:   63         SH:  0    Dex: 18    Spells: 3/4 levels left

rFire   . . .      SeeInvis .    a - +2 sling
rCold   . . .      Faith    .    (no shield)
rNeg    . . .      Spirit   .    e - +0 robe
rPois   .          Reflect  .    i - +2 helmet
rElec   .          Harm     .    (no cloak)
rCorr   .          Rampage  .    (no gloves)
Will    .....                    (no boots)
Stlth   ++                       (no amulet)
HPRegen 0.25/turn                (no ring)
MPRegen 0.09/turn                (no ring)

@: no status effects
A: fangs 1, strong nose, distributed training
a: no special abilities


You were on level 3 of the Dungeon.
You visited 1 branch of the dungeon, and saw 3 of its levels.

You collected 63 gold pieces.

Inventory:

Hand Weapons
 a - a +2 sling (weapon)
 b - a +0 falchion
Armour
 e - a +0 robe (worn)
 i - a +2 helmet (worn)
Scrolls
 f - a scroll of immolation {unknown}
 g - a scroll of enchant weapon {unknown}
 h - 2 scrolls of enchant armour {unknown}
 j - a scroll of fog {unknown}
 k - 4 scrolls of poison {unknown}
 l - a scroll of teleportation {unknown}
 p - 2 scrolls of identify {unknown}
 r - a scroll of torment {unknown}
Potions
 d - a potion of might
 m - a potion of resistance {unknown}
 n - 2 potions of haste {unknown}
 o - a potion of flight {unknown}
 q - a potion of curing {unknown}
Miscellaneous
 c - a piece from Xom's chessboard (9/15)


   Skills:
 + Level 4.6 Fighting
 + Level 1.0 Short Blades
 + Level 2.6 Long Blades
 + Level 1.0 Axes
 + Level 1.0 Maces & Flails
 + Level 1.0 Polearms
 + Level 1.0 Staves
 + Level 6.5 Ranged Weapons
 + Level 1.0 Throwing
 + Level 1.0 Armour
 + Level 2.6 Dodging
 + Level 1.0 Stealth
 + Level 1.0 Shields
 + Level 1.0 Unarmed Combat
 + Level 1.0 Spellcasting
 + Level 0.7 Conjurations
 + Level 0.7 Hexes
 + Level 0.7 Summonings
 + Level 0.7 Necromancy
 + Level 0.7 Translocations
 + Level 0.7 Transmutations
 + Level 0.7 Fire Magic
 + Level 0.7 Ice Magic
 + Level 0.7 Air Magic
 + Level 0.7 Earth Magic
 + Level 0.7 Poison Magic
 + Level 1.0 Invocations
 + Level 6.5 Evocations


You had 3 spell levels left.
You knew the following spells:

 Your Spells              Type           Power      Damage    Failure   Level
a - Sting                 Tmut/Pois      4%         1d3       26%         1

Your spell library contained the following spells:

 Spells                   Type           Power      Damage    Failure   Level
 Magic Dart               Conj           4%         1d3       26%         1
 Call Imp                 Summ           1%         N/A       36%         2
 Poisonous Vapours        Pois/Air       2%         N/A       36%         2
 Mephitic Cloud           Conj/Pois/Air  1%         N/A       61%         3
 Olgreb's Toxic Radiance  Pois           1%         N/A       95%         4


Dungeon Overview and Level Annotations

Branches:
Dungeon (3/15)

Altars:

Annotations:
D:3 Ijyb


Innate Abilities, Weirdness & Mutations

You have very sharp teeth.
Your uncanny sense of smell can sniff out nearby items.
Your experience applies equally to all skills.


Message History

You kill the orc!
You shoot a sling bullet. The sling bullet hits Ijyb!
Ijyb is moderately wounded.
Ijyb zaps a wand.
The roots erupt in riotous growth!
The grasping roots grab you! The grasping roots constrict you.
You shoot a sling bullet.
The sling bullet hits Ijyb but does no damage.
Ijyb is moderately wounded.
The roots lose their grip on you.
No target in view!
No target in view!
A goblin comes into view. It is wielding a +0 dagger.
You see here a +0 club.
Fire: a) +2 sling
Press: ? - help, Q - select action, (/) - cycle Shift-Dir - straight line, f/p - Ijyb
Aim: Ijyb, wielding a +0 dagger, wearing a +0 leather armour and carrying a wand of roots (9) (moderately wounded, 60% to hit)
You shoot a sling bullet.
The sling bullet barely misses the goblin.
The sling bullet barely misses Ijyb.
Ijyb zaps a wand.
The roots erupt in riotous growth!
The goblin is unaffected.
The grasping roots grab you! The grasping roots constrict you.
The goblin barely misses you.
You hear a shout!
You make a move on Xom's chessboard...
The goblin seems to slow down.
The grasping roots constrict you. The goblin barely misses you.
You shoot a sling bullet. The sling bullet hits the goblin.
The goblin is moderately wounded.
The grasping roots constrict you!
* * * LOW HITPOINT WARNING * * *
You shoot a sling bullet. The sling bullet hits the goblin!
You kill the goblin!
The grasping roots constrict you.
* * * LOW HITPOINT WARNING * * *
The grasping roots release their grip on you.
You make a move on Xom's chessboard...
Ijyb seems to grow stronger.
Ijyb barely misses you.
You make a move on Xom's chessboard...
Ijyb seems to slow down.
Ijyb hits you with a +0 dagger.
You die...

.# .# .# #.#
..# ..#
#####..#.###
#...@g......
#.###).#.###
#..<#.....
#####.##.##
.. .. .# #.
.# .#


You could see Ijyb (strong, slow).

Vanquished Creatures
  An adder (D:2)
  An orc (D:3)
  6 ball pythons
  6 bats
  3 endoplasms
  3 giant cockroaches (D:1)
  2 goblins
  5 hobgoblins
  2 jackals (D:1)
  A quokka (D:2)
  2 frilled lizards (D:1)
  3 rats
35 creatures vanquished.

Notes
Turn   | Place    | Note
-------+----------+-------------------------------------------
     0 | D:1      | drewk1942 the Gnoll Wanderer began the quest for the Orb.
     0 | D:1      | drewk1942 set off with the following items: a +2 sling, a
                  | +0 falchion, a piece from Xom's chessboard (15/15), a
                  | potion of might, a +0 robe.
     0 | D:1      | Reached XP level 1. HP: 20/20 MP: 1/1
   167 | D:1      | Reached XP level 2. HP: 26/26 MP: 2/2
   761 | D:2      | Reached XP level 3. HP: 31/31 MP: 2/4
   793 | D:2      | Learned a level 1 spell: Sting
   866 | D:2      | Reached skill level 1 in Invocations
  1072 | D:2      | Reached skill level 1 in Short Blades
  1072 | D:2      | Reached skill level 1 in Axes
  1072 | D:2      | Reached skill level 1 in Maces & Flails
  1072 | D:2      | Reached skill level 1 in Polearms
  1072 | D:2      | Reached skill level 1 in Staves
  1072 | D:2      | Reached skill level 1 in Throwing
  1072 | D:2      | Reached skill level 1 in Armour
  1072 | D:2      | Reached skill level 1 in Stealth
  1072 | D:2      | Reached skill level 1 in Shields
  1072 | D:2      | Reached skill level 1 in Unarmed Combat
  1072 | D:2      | Reached skill level 1 in Spellcasting
  1369 | D:3      | Noticed Ijyb
  1379 | D:3      | Slain by Ijyb

Illustrated notes

Levels and vault maps discovered:
D:1:      dpeg_arrival_water_fire, layout_basic
D:2:      layout_loops_ring, minmay_cut_off
D:3:      layout_basic, uniq_jessica, uniq_ijyb

Skill      XL: |  1  2  3 |
---------------+----------+-----
Invocations    | 1 |  1.0
Short Blades   | 1 |  1.0
Axes           | 1 |  1.0
Maces & Flails | 1 |  1.0
Polearms       | 1 |  1.0
Staves         | 1 |  1.0
Throwing       | 1 |  1.0
Armour         | 1 |  1.0
Stealth        | 1 |  1.0
Shields        | 1 |  1.0
Unarmed Combat | 1 |  1.0
Spellcasting   | 1 |  1.0
Fighting       | |  4.6
Long Blades    | |  2.6
Ranged Weapons | |  6.5
Dodging        | |  2.6
Conjurations   | |  0.7
Hexes          | |  0.7
Summonings     | |  0.7
Necromancy     | |  0.7
Translocations | |  0.7
Transmutations | |  0.7
Fire Magic     | |  0.7
Ice Magic      | |  0.7
Air Magic      | |  0.7
Earth Magic    | |  0.7
Poison Magic   | |  0.7
Evocations     | |  6.5

Action                     || total
---------------------------++-------
   Fire: Sling             ||    88
  Evoke: Piece from Xom's  ||     9
 Armour: Robe              ||     9
  Dodge: Dodged            ||    19

Table legend: (Time is in decaauts)
 A = Elapsed time spent in this place.
 B = Non-inter-level travel time spent in this place.
 C = Inter-level travel time spent in this place.
 D = Time resting spent in this place.
 E = Time spent auto-exploring this place.
 F = Levels seen in this place.
 G = Mean time per level.
                   A        B        C        D        E       F      G
               +--------+--------+--------+--------+--------+-----+--------+
         Total |   1385 |   1311 |     74 |      0 |   1137 |   3 |  461.7 |
       Dungeon |   1385 |   1311 |     74 |      0 |   1137 |   3 |  461.7 |
               +--------+--------+--------+--------+--------+-----+--------+

Top non-repeatable levels by time:
     D:1: 722 daAuts
     D:2: 645 daAuts
     D:3: 17 daAuts
